 Dungeon Crawl Stone Soup version 0.30-a0-950-gbf40cfac39 (webtiles) character file.

Game seed: 5030941991984486823

49 112233 the Magician (level 3, 0/16 HPs)
             Began as a Spriggan Air Elementalist on Mar 28, 2023.
             Slain by Robin
             ... wielding a +3 dagger of venom
              (3 damage)
             ... on level 1 of the Dungeon.
             The game lasted 00:01:36 (1863 turns).

112233 the Magician (Spriggan Air Elementalist)     Turns: 1863, Time: 00:01:37

Health: 0/16       AC:  2    Str:  4    XL:     3   Next: 51%
Magic:  4/9        EV: 17    Int: 18    God:
Gold:   63         SH:  0    Dex: 15    Spells: 7/10 levels left

rFire   . . .      SeeInvis +    h - +0 dagger
rCold   . . .      Faith    .    (no shield)
rNeg    . . .      Spirit   .    a - +0 robe
rPois   .          Reflect  .    (helmet restricted)
rElec   .          Rampage  .    (no cloak)
rCorr   .                        (gloves unavailable)
Will    .....                    (boots unavailable)
Stlth   ++                       (no amulet)
HPRegen 0.22/turn                (no ring)
MPRegen 0.11/turn                (no ring)

@: lethally poisoned (0 -> -11), very quick
A: very small, no large weapons, unfitting armour, see invisible, speed 3
a: no special abilities


You were on level 1 of the Dungeon.
You visited 1 branch of the dungeon, and saw 2 of its levels.

You collected 63 gold pieces.

Inventory:

Hand Weapons
 h - a +0 dagger (weapon)
Armour
 a - a +0 robe (worn)
Jewellery
 d - a ring of positive energy
Scrolls
 c - a scroll of immolation {unknown}
 f - 3 scrolls of identify {unknown}
 g - 2 scrolls of teleportation {unknown}
Potions
 b - a potion of magic
 e - a potion of curing


   Skills:
 - Level 2.9 Dodging
 - Level 3.2 Stealth
 + Level 4.4 Spellcasting
 - Level 0.8 Conjurations
 - Level 2.8 Air Magic


You had 7 spell levels left.
You knew the following spells:

 Your Spells              Type           Power      Damage    Failure   Level
a - Shock                 Conj/Air       40%        1d5       7%          1
b - Static Discharge      Conj/Air       20%        2-3/arc   10%         2

Your spell library contained the following spells:

 Spells                   Type           Power      Damage    Failure   Level
 Swiftness                Air            14%        N/A       13%         3
 Airstrike                Air            7%         2d(1-17)  41%         4


Dungeon Overview and Level Annotations

Branches:
Dungeon (2/15)

Altars:

Annotations:
D:1 Robin


Innate Abilities, Weirdness & Mutations

You are very small and have problems with some larger weapons.
You are too small for most types of armour.
You have supernaturally acute eyesight. (SInv)
You cover ground extremely quickly. (Speed+++)


Message History

Unknown command.
Unknown command.
Unknown command.
It was a potion of curing.
You feel better. The jackal barely misses you.
Robin roars a battlecry!
The hobgoblin goes into a battle-frenzy!
The hobgoblin misses you.
Unknown command.
Unknown command.
Casting: Shock (safe; 7% risk of failure)
Confirm with . or Enter, or press ? or * to list all spells.
The jackal is struck by an arc of lightning.
The jackal is severely wounded.
Robin is struck by an arc of lightning.
Robin is lightly wounded.
The lightning grounds out.
The jackal closely misses you. x2
The hobgoblin misses you. Robin closely misses you. The jackal bites you.
Robin hits you with a +3 dagger of venom.
You are lethally poisoned!
The hobgoblin hits you.
Unknown command.
Unknown command.
Unknown command.
Casting: Static Discharge (safe; 10% risk of failure)
Confirm with . or Enter, or press ? or * to list all spells.
The hobgoblin is struck by an arc of lightning.
The hobgoblin is severely wounded.
You are struck by an arc of lightning.
The lightning grounds out.
Robin is struck by an arc of lightning.
Robin is heavily wounded.
The jackal is struck by an arc of lightning.
You kill the jackal!
Robin is struck by an arc of lightning.
Robin is severely wounded.
The lightning grounds out.
* * * LOW HITPOINT WARNING * * *
You feel very sick.
Robin hits you with a +3 dagger of venom.
You die...

#. ###. #.). ####.## #....#
#.##.## #.##...
################.#####
#...g@g............#
#########.####..#####.##.#.###
#.......#.####..#####.##......
#.#####.#.#.............##.###
#.......#.#.##..#####......#
#..#........>...#####.#.####
#..#.#..#######.......#.#
#..#.#..# ###.###.#.#
#.......# #)# #...##


You could see Robin and a hobgoblin (strong).

Vanquished Creatures
  A worm (D:2)
  A dart slug (D:2)
  2 giant cockroaches (D:1)
  5 goblins
  6 hobgoblins
  5 jackals
  A quokka (D:2)
  4 ball pythons (D:1)
  3 bats (D:1)
  3 frilled lizards (D:1)
  7 kobolds
  3 rats
41 creatures vanquished.

Vanquished Creatures (others)
  12 plants (D:2)
12 creatures vanquished.

Grand Total: 53 creatures vanquished

Notes
Turn   | Place    | Note
-------+----------+-------------------------------------------
     0 | D:1      | 112233 the Spriggan Air Elementalist began the quest for
                  | the Orb.
     0 | D:1      | Reached XP level 1. HP: 9/9 MP: 5/5
   303 | D:1      | Reached XP level 2. HP: 11/13 MP: 1/6
   368 | D:1      | Reached skill level 3 in Spellcasting
  1193 | D:2      | Reached XP level 3. HP: 16/16 MP: 7/9
  1230 | D:2      | Reached skill level 4 in Spellcasting
  1765 | D:2      | Noticed Robin
  1847 | D:1      | Learned a level 2 spell: Static Discharge
  1863 | D:1      | Slain by Robin

Illustrated notes

Levels and vault maps discovered:
D:1:      onia_arrival_mini_spirals, layout_loops_cross,
          amcnicky_mini_pool_small
D:2:      layout_loops_ring, grunt_ministairs_8, serial_bayou_lagoon_b,
          uniq_robin

Skill      XL: |  1  2  3 |
---------------+----------+-----
Spellcasting   | 3 4 |  4.4
Dodging        | |  2.9
Stealth        | |  3.2
Conjurations   | |  0.8
Air Magic      | |  2.8

Action                     || total
---------------------------++-------
  Melee: Unarmed           ||    39
         Dagger            ||     5
   Cast: Shock             ||    91
         Static Discharge  ||     2
    Use: Potion            ||     1
 Armour: Robe              ||     6
  Dodge: Dodged            ||    69

Table legend: (Time is in decaauts)
 A = Elapsed time spent in this place.
 B = Non-inter-level travel time spent in this place.
 C = Inter-level travel time spent in this place.
 D = Time resting spent in this place.
 E = Time spent auto-exploring this place.
 F = Levels seen in this place.
 G = Mean time per level.
                   A        B        C        D        E       F      G
               +--------+--------+--------+--------+--------+-----+--------+
         Total |   1534 |   1495 |     39 |    246 |    999 |   2 |  767.0 |
       Dungeon |   1534 |   1495 |     39 |    246 |    999 |   2 |  767.0 |
               +--------+--------+--------+--------+--------+-----+--------+

Top non-repeatable levels by time:
     D:1: 977 daAuts
     D:2: 556 daAuts
